Map: Ruins of Endion

Players

Pokebunny - Winner!

  • Race: Terran Terran
  • League: Grandmaster

Rengen

  • Race: Protoss Protoss
  • League: Master

VOD

Have the link to the VOD?

Description

Time

  • Played on: April 4, 2016, 5:15 p.m.
  • Length: 10:00
Show
View Real Time Build Order
Export as new Build Order

Pokebunny Terran - Winner!

Build Orders: Reaper Expand 

Get SALT Encoding   

  12  0:00  SCV  
  13  0:13  SCV  
  14  0:20  Supply Depot  
  14  0:25  SCV  
  15  0:42  Barracks, SCV  
  16  0:45  Refinery  
  16  0:54  SCV  
  17  1:06  SCV  
  18  1:18  SCV  
  19  1:30  Orbital Command, Reaper  
  20  1:42  Command Center  
  20  1:51  Supply Depot  
  20  1:55  SCV  
  21  2:02  Marine  
  21  2:07  Factory  
  22  2:09  SCV  
  23  2:17  Refinery  
  23  2:19  Marine  
  23  2:21  SCV  
  25  2:33  SCV  
  26  2:37  Marine  
  27  2:54  Hellion  
  27  2:55  Marine  
  27  2:56  Orbital Command  
  27  2:57  Starport, SCV  
  31  3:11  SCV  
  32  3:18  Widow Mine  
  35  3:22  Barracks Tech Lab  
  35  3:25  Barracks  
  35  3:26  SCV x2  
  36  3:27  Barracks  
  36  3:33  Medivac  
  38  3:39  Engineering Bay  
  38  3:43  Combat Shields  
  38  3:45  Marine  
  38  3:47  SCV  
  38  3:48  SCV  
  41  3:55  Factory Tech Lab  
  41  4:00  SCV  
  41  4:01  SCV  
  43  4:02  Marine  
  43  4:03  Supply Depot  
  44  4:13  Missile Turret  
  44  4:14  Missile Turret  
  44  4:16  Barracks Reactor, Barracks Tech Lab  
  44  4:19  Barracks Reactor  
  44  4:22  SCV  
  45  4:25  Siege Tank  
  41  4:40  Marine  
  41  4:41  Medivac  
  41  4:42  SCV x2  
  43  4:46  Refinery  
  43  4:53  Marine  
  43  4:54  Marine, SCV x2  
  43  4:55  Terran Infantry Weapons Level 1  
  43  4:56  Marine x2  
  49  5:01  Marine  
  49  5:06  SCV x2  
  49  5:07  Supply Depot  
  52  5:11  Marine x2  
  54  5:22  Supply Depot  
  54  5:23  Supply Depot  
  54  5:28  Siege Tank, Marine x3, SCV x2  
  62  5:43  Marine x2, Medivac  
  62  5:46  Marine x3, Supply Depot x2  
  63  6:05  Marine x5  
  63  6:06  Siege Tank  
  63  6:07  SCV x2  
  63  6:09  Supply Depot  
  73  6:22  Command Center  
  73  6:23  SCV x2  
  75  6:31  Missile Turret  
  73  6:38  Bunker  
  73  6:39  Marine x5  
  77  6:40  Siege Tank  
  76  7:06  Medivac  
  78  7:09  Marine x4  
  78  7:12  Siege Tank  
  78  7:13  Stimpack  
  85  7:35  Marine  
  85  7:36  Marine x3, Marauder  
  93  7:37  Orbital Command  
  93  7:40  Refinery  
  93  7:41  Starport Reactor  
  93  7:43  Barracks x2  
  91  7:45  Barracks  
  91  7:56  Marine x3  
  91  7:57  Marauder  
  94  8:18  Marine x4  
  94  8:19  Marauder  
  93  8:22  Siege Tank  
  93  8:24  Medivac  
  93  8:25  Medivac  
  100  8:33  Barracks Tech Lab x2  
  100  8:34  Barracks Reactor  
  100  8:51  Marine x2  
  100  8:52  Marine x2, Marauder x3  
  78  9:10  Siege Tank, Medivac x2  
  116  9:35  Marine  
  117  9:41  Marine, Supply Depot  
  117  9:42  Supply Depot  
  117  9:43  Supply Depot  
Show
View Real Time Build Order
Export as new Build Order

Rengen Protoss 

Build Orders: 1 Gate Expand, Oracle Opening 

Get SALT Encoding   

  12  0:00  Probe (Chrono Boost)  
  13  0:11  Probe (Chrono Boost)  
  14  0:19  Pylon  
  14  0:22  Probe (Chrono Boost)  
  15  0:37  Probe (Chrono Boost), Gateway  
  15  0:41  Assimilator  
  16  0:48  Probe (Chrono Boost)  
  17  0:58  Probe (Chrono Boost)  
  18  1:09  Probe (Chrono Boost)  
  19  1:20  Nexus  
  19  1:33  Cybernetics Core  
  19  1:35  Probe (Chrono Boost)  
  20  1:43  Assimilator  
  20  1:46  Probe (Chrono Boost)  
  21  1:53  Pylon  
  21  1:56  Probe (Chrono Boost)  
  23  2:11  Adept  
  23  2:12  Mothership Core (Chrono Boost), Warp Gate  
  26  2:30  Probe (Chrono Boost)  
  26  2:32  Probe (Chrono Boost)  
  28  2:40  Probe (Chrono Boost)  
  28  2:43  Probe (Chrono Boost)  
  30  2:44  Stargate  
  31  2:51  Probe (Chrono Boost)  
  31  2:53  Probe (Chrono Boost)  
  31  3:02  Probe (Chrono Boost)  
  32  3:08  Probe (Chrono Boost)  
  32  3:12  Probe (Chrono Boost)  
  34  3:19  Probe (Chrono Boost)  
  34  3:23  Adept, Probe (Chrono Boost)  
  37  3:28  Oracle (Chrono Boost), Probe (Chrono Boost)  
  41  3:37  Pylon, Probe  
  41  3:38  Probe  
  43  3:48  Probe  
  43  3:49  Probe  
  47  3:59  Gateway  
  47  4:00  Phoenix (Chrono Boost)  
  47  4:01  Probe  
  47  4:02  Gateway, Probe  
  50  4:07  Assimilator  
  50  4:08  Assimilator  
  51  4:14  Probe  
  51  4:17  Probe  
  50  4:20  Adept  
  50  4:26  Probe  
  50  4:27  Probe  
  52  4:38  Phoenix (Chrono Boost), Probe x2  
  50  4:41  Adept  
  52  4:48  Probe  
  52  4:50  Probe  
  54  5:00  Twilight Council  
  54  5:05  Pylon  
  54  5:06  Nexus  
  54  5:07  Pylon  
  54  5:20  Robotics Facility  
  54  5:22  Probe  
  54  5:23  Probe  
  54  5:27  Phoenix (Chrono Boost)  
  58  5:28  Adept  
  60  5:36  Adept, Probe  
  60  5:37  Adept  
  65  5:46  Pylon  
  65  5:52  Resonating Glaives (Chrono Boost)  
  65  5:55  Adept, Probe  
  68  6:01  Adept  
  70  6:07  Pylon  
  70  6:08  Probe x2  
  70  6:09  Pylon  
  70  6:10  Phoenix (Chrono Boost)  
  74  6:13  Observer, Sentry  
  77  6:18  Probe  
  77  6:20  Probe x2  
  77  6:21  Adept  
  77  6:22  Adept  
  84  6:34  Phoenix (Chrono Boost)  
  84  6:38  Adept  
  88  6:41  Probe  
  88  6:44  Forge  
  85  6:59  Phoenix (Chrono Boost)  
  85  7:00  Adept x3, Probe  
  83  7:01  Probe x2  
  86  7:20  Adept  
  86  7:21  Adept x2, Phoenix (Chrono Boost)  
  94  7:27  Robotics Bay  
  94  7:29  Robotics Facility  
  94  7:43  Phoenix (Chrono Boost)  
  96  7:46  Adept x3  
  94  8:03  Probe  
  94  8:04  Phoenix (Chrono Boost), Probe  
  91  8:08  Adept x2, Gateway  
  91  8:09  Adept  
  91  8:11  Gateway  
  85  8:17  Probe x2  
  76  8:24  Probe  
  76  8:26  Phoenix (Chrono Boost)  
  73  8:29  Adept x3  
  73  8:30  Probe  
  77  8:46  Phoenix (Chrono Boost)  
  72  8:51  Pylon  
  72  8:53  Adept x3  
  77  8:56  Colossus  
  83  9:06  Phoenix  
  90  9:10  Pylon  
  90  9:21  Pylon  
  90  9:27  Phoenix  
  90  9:28  Pylon  
  90  9:31  Pylon  
  90  9:50  Adept x3  
Tags
 
Add a new tag
Caveats
  • Supply blocks, unpowered buildings, or Contaminate may cause inaccurate times.
  • Supply counts are checked every 10 seconds.